cohdb
Replays
Latest Replays
All Replays
Popular Replays
Top Player Replays
Match Explorer
How It Works
Community
CoH3 Stats
Reddit
Sign in to upload your games and track your stats! →
Sign in with Steam
Match 44470810
Unlisted
Match 44470810
Overview
Messages
Build Orders
End
Construct Barracks
Scout Squad
Selects Advanced Infantry Battlegroup
Riflemen Squad
1⁄4-ton 4x4 Truck
Riflemen Squad
Selects Artillery Observers
Selects Convert to Ranger Squad
M1 Mortar Team
Infantry Support Center
Construct Medical Station
Convert to Ranger Squad
Selects Ammunition Storage
Construct Motor Pool
Construct Motor Pool
Advanced Logistics
Selects Designate Assault Position
Ranger Squad
Construct Motor Pool
M1 Mortar Team
Engineer Squad
M24 Chaffee Light Tank
Selects Ranger Weapon Training
M24 Chaffee Light Tank
M8 Greyhound Armored Car
Selects M2A1 105mm Howitzer Emplacement
Survival Training
M24 Chaffee Light Tank
Selects Free Fire Drills
Selects 155mm Rapid Artillery Barrage
M1 Anti-tank Gun Team
M24 Chaffee Light Tank
M24 Chaffee Light Tank
Riflemen Squad
Convert to Ranger Squad
M24 Chaffee Light Tank
M24 Chaffee Light Tank
arni_w
pagep
0
0
Comments
sign in to comment!
No comments posted yet!